Workbook

Sheet Como usar
A1: Planilha de controle de ações e IR — Bolsa Controle
A2: Versão gratuita para registrar compras e vendas de ações em operações comuns (não day trade).
A4: Como usar
A5: 1. Na aba Operações, apague os exemplos e lance cada compra e venda em ordem cronológica (da mais antiga para a mais recente).
A6: 2. Preencha só as colunas brancas: Data, Ativo (código, ex.: PETR4), Operação (C = compra, V = venda), Quantidade e Preço.
A7: 3. As colunas cinzas calculam sozinhas: posição, preço médio antes e depois de cada operação e o resultado de cada venda.
A8: 4. Na aba Posição, digite o código de cada ativo para ver quantidade, custo e preço médio atuais.
A9: 5. Na aba Resumo mensal, informe o ano para ver, mês a mês, o total vendido em ações e o resultado das vendas.
A11: Regras usadas
A12: • Preço médio = custo das ações que você ainda tem ÷ quantidade. Ele muda nas compras e não muda nas vendas.
A13: • Valores calculados com quantidade × preço, sem corretagem e taxas (mesma regra do aplicativo Bolsa Controle).
A14: • Bonificações, desdobramentos e grupamentos não são aplicados automaticamente: ajuste a quantidade com uma linha de compra (bonificação) ou refaça os lançamentos.
... A22: Conteúdo educativo. Confira sempre as orientações da Receita Federal; situações específicas exigem análise profissional.

Sheet Operações
A1: Data | B1: Ativo | C1: Operação (C/V) | D1: Quantidade | E1: Preço (R$) | F1: Valor (R$) | G1: Posição antes | H1: Custo antes (R$) | I1: Preço médio antes | J1: Posição após | K1: Preço médio após | L1: Resultado da venda (R$) | M1: Mês (aaaamm) | N1: Aviso | O1: Δ quantidade | P1: Δ custo
A2: 46034 | B2: PETR4 | C2: C | D2: 100 | E2: 30 | F2: =IF(OR($B2="",D2="",E2=""),"",D2*E2) | G2: =IF($B2="","",SUMIFS($O$1:O1,$B$1:B1,$B2)) | H2: =IF($B2="","",SUMIFS($P$1:P1,$B$1:B1,$B2)) | I2: =IF($B2="","",IF(G2<=0,0,H2/G2)) | J2: =IF($B2="","",G2+O2) | K2: =IF($B2="","",IF(J2<=0,0,(H2+P2)/J2)) | L2: =IF(OR($B2="",UPPER($C2)<>"V"),"",D2*(E2-I2)) | M2: =IF(A2="","",YEAR(A2)*100+MONTH(A2)) | N2: =IF($B2="","",IF(AND(UPPER($C2)="V",D2>G2),"Venda maior que a posição",IF(AND(UPPER($C2)<>"C",UPPER($C2)<>"V"),"Use C ou V",""))) | O2: =IF($B2="","",IF(UPPER($C2)="C",D2,IF(UPPER($C2)="V",-D2,0))) | P2: =IF($B2="","",IF(UPPER($C2)="C",D2*E2,IF(UPPER($C2)="V",-D2*I2,0)))
A3: 46056 | B3: PETR4 | C3: C | D3: 50 | E3: 36 | F3: =IF(OR($B3="",D3="",E3=""),"",D3*E3) | G3: =IF($B3="","",SUMIFS($O$1:O2,$B$1:B2,$B3)) | H3: =IF($B3="","",SUMIFS($P$1:P2,$B$1:B2,$B3)) | I3: =IF($B3="","",IF(G3<=0,0,H3/G3)) | J3: =IF($B3="","",G3+O3) | K3: =IF($B3="","",IF(J3<=0,0,(H3+P3)/J3)) | L3: =IF(OR($B3="",UPPER($C3)<>"V"),"",D3*(E3-I3)) | M3: =IF(A3="","",YEAR(A3)*100+MONTH(A3)) | N3: =IF($B3="","",IF(AND(UPPER($C3)="V",D3>G3),"Venda maior que a posição",IF(AND(UPPER($C3)<>"C",UPPER($C3)<>"V"),"Use C ou V",""))) | O3: =IF($B3="","",IF(UPPER($C3)="C",D3,IF(UPPER($C3)="V",-D3,0))) | P3: =IF($B3="","",IF(UPPER($C3)="C",D3*E3,IF(UPPER($C3)="V",-D3*I3,0)))
A4: 46073 | B4: VALE3 | C4: C | D4: 20 | E4: 60 | F4: =IF(OR($B4="",D4="",E4=""),"",D4*E4) | G4: =IF($B4="","",SUMIFS($O$1:O3,$B$1:B3,$B4)) | H4: =IF($B4="","",SUMIFS($P$1:P3,$B$1:B3,$B4)) | I4: =IF($B4="","",IF(G4<=0,0,H4/G4)) | J4: =IF($B4="","",G4+O4) | K4: =IF($B4="","",IF(J4<=0,0,(H4+P4)/J4)) | L4: =IF(OR($B4="",UPPER($C4)<>"V"),"",D4*(E4-I4)) | M4: =IF(A4="","",YEAR(A4)*100+MONTH(A4)) | N4: =IF($B4="","",IF(AND(UPPER($C4)="V",D4>G4),"Venda maior que a posição",IF(AND(UPPER($C4)<>"C",UPPER($C4)<>"V"),"Use C ou V",""))) | O4: =IF($B4="","",IF(UPPER($C4)="C",D4,IF(UPPER($C4)="V",-D4,0))) | P4: =IF($B4="","",IF(UPPER($C4)="C",D4*E4,IF(UPPER($C4)="V",-D4*I4,0)))
A5: 46090 | B5: PETR4 | C5: V | D5: 60 | E5: 40 | F5: =IF(OR($B5="",D5="",E5=""),"",D5*E5) | G5: =IF($B5="","",SUMIFS($O$1:O4,$B$1:B4,$B5)) | H5: =IF($B5="","",SUMIFS($P$1:P4,$B$1:B4,$B5)) | I5: =IF($B5="","",IF(G5<=0,0,H5/G5)) | J5: =IF($B5="","",G5+O5) | K5: =IF($B5="","",IF(J5<=0,0,(H5+P5)/J5)) | L5: =IF(OR($B5="",UPPER($C5)<>"V"),"",D5*(E5-I5)) | M5: =IF(A5="","",YEAR(A5)*100+MONTH(A5)) | N5: =IF($B5="","",IF(AND(UPPER($C5)="V",D5>G5),"Venda maior que a posição",IF(AND(UPPER($C5)<>"C",UPPER($C5)<>"V"),"Use C ou V",""))) | O5: =IF($B5="","",IF(UPPER($C5)="C",D5,IF(UPPER($C5)="V",-D5,0))) | P5: =IF($B5="","",IF(UPPER($C5)="C",D5*E5,IF(UPPER($C5)="V",-D5*I5,0)))
F6: =IF(OR($B6="",D6="",E6=""),"",D6*E6) | G6: =IF($B6="","",SUMIFS($O$1:O5,$B$1:B5,$B6)) | H6: =IF($B6="","",SUMIFS($P$1:P5,$B$1:B5,$B6)) | I6: =IF($B6="","",IF(G6<=0,0,H6/G6)) | J6: =IF($B6="","",G6+O6) | K6: =IF($B6="","",IF(J6<=0,0,(H6+P6)/J6)) | L6: =IF(OR($B6="",UPPER($C6)<>"V"),"",D6*(E6-I6)) | M6: =IF(A6="","",YEAR(A6)*100+MONTH(A6)) | N6: =IF($B6="","",IF(AND(UPPER($C6)="V",D6>G6),"Venda maior que a posição",IF(AND(UPPER($C6)<>"C",UPPER($C6)<>"V"),"Use C ou V",""))) | O6: =IF($B6="","",IF(UPPER($C6)="C",D6,IF(UPPER($C6)="V",-D6,0))) | P6: =IF($B6="","",IF(UPPER($C6)="C",D6*E6,IF(UPPER($C6)="V",-D6*I6,0)))
F7: =IF(OR($B7="",D7="",E7=""),"",D7*E7) | G7: =IF($B7="","",SUMIFS($O$1:O6,$B$1:B6,$B7)) | H7: =IF($B7="","",SUMIFS($P$1:P6,$B$1:B6,$B7)) | I7: =IF($B7="","",IF(G7<=0,0,H7/G7)) | J7: =IF($B7="","",G7+O7) | K7: =IF($B7="","",IF(J7<=0,0,(H7+P7)/J7)) | L7: =IF(OR($B7="",UPPER($C7)<>"V"),"",D7*(E7-I7)) | M7: =IF(A7="","",YEAR(A7)*100+MONTH(A7)) | N7: =IF($B7="","",IF(AND(UPPER($C7)="V",D7>G7),"Venda maior que a posição",IF(AND(UPPER($C7)<>"C",UPPER($C7)<>"V"),"Use C ou V",""))) | O7: =IF($B7="","",IF(UPPER($C7)="C",D7,IF(UPPER($C7)="V",-D7,0))) | P7: =IF($B7="","",IF(UPPER($C7)="C",D7*E7,IF(UPPER($C7)="V",-D7*I7,0)))
F8: =IF(OR($B8="",D8="",E8=""),"",D8*E8) | G8: =IF($B8="","",SUMIFS($O$1:O7,$B$1:B7,$B8)) | H8: =IF($B8="","",SUMIFS($P$1:P7,$B$1:B7,$B8)) | I8: =IF($B8="","",IF(G8<=0,0,H8/G8)) | J8: =IF($B8="","",G8+O8) | K8: =IF($B8="","",IF(J8<=0,0,(H8+P8)/J8)) | L8: =IF(OR($B8="",UPPER($C8)<>"V"),"",D8*(E8-I8)) | M8: =IF(A8="","",YEAR(A8)*100+MONTH(A8)) | N8: =IF($B8="","",IF(AND(UPPER($C8)="V",D8>G8),"Venda maior que a posição",IF(AND(UPPER($C8)<>"C",UPPER($C8)<>"V"),"Use C ou V",""))) | O8: =IF($B8="","",IF(UPPER($C8)="C",D8,IF(UPPER($C8)="V",-D8,0))) | P8: =IF($B8="","",IF(UPPER($C8)="C",D8*E8,IF(UPPER($C8)="V",-D8*I8,0)))
F9: =IF(OR($B9="",D9="",E9=""),"",D9*E9) | G9: =IF($B9="","",SUMIFS($O$1:O8,$B$1:B8,$B9)) | H9: =IF($B9="","",SUMIFS($P$1:P8,$B$1:B8,$B9)) | I9: =IF($B9="","",IF(G9<=0,0,H9/G9)) | J9: =IF($B9="","",G9+O9) | K9: =IF($B9="","",IF(J9<=0,0,(H9+P9)/J9)) | L9: =IF(OR($B9="",UPPER($C9)<>"V"),"",D9*(E9-I9)) | M9: =IF(A9="","",YEAR(A9)*100+MONTH(A9)) | N9: =IF($B9="","",IF(AND(UPPER($C9)="V",D9>G9),"Venda maior que a posição",IF(AND(UPPER($C9)<>"C",UPPER($C9)<>"V"),"Use C ou V",""))) | O9: =IF($B9="","",IF(UPPER($C9)="C",D9,IF(UPPER($C9)="V",-D9,0))) | P9: =IF($B9="","",IF(UPPER($C9)="C",D9*E9,IF(UPPER($C9)="V",-D9*I9,0)))
F10: =IF(OR($B10="",D10="",E10=""),"",D10*E10) | G10: =IF($B10="","",SUMIFS($O$1:O9,$B$1:B9,$B10)) | H10: =IF($B10="","",SUMIFS($P$1:P9,$B$1:B9,$B10)) | I10: =IF($B10="","",IF(G10<=0,0,H10/G10)) | J10: =IF($B10="","",G10+O10) | K10: =IF($B10="","",IF(J10<=0,0,(H10+P10)/J10)) | L10: =IF(OR($B10="",UPPER($C10)<>"V"),"",D10*(E10-I10)) | M10: =IF(A10="","",YEAR(A10)*100+MONTH(A10)) | N10: =IF($B10="","",IF(AND(UPPER($C10)="V",D10>G10),"Venda maior que a posição",IF(AND(UPPER($C10)<>"C",UPPER($C10)<>"V"),"Use C ou V",""))) | O10: =IF($B10="","",IF(UPPER($C10)="C",D10,IF(UPPER($C10)="V",-D10,0))) | P10: =IF($B10="","",IF(UPPER($C10)="C",D10*E10,IF(UPPER($C10)="V",-D10*I10,0)))
F11: =IF(OR($B11="",D11="",E11=""),"",D11*E11) | G11: =IF($B11="","",SUMIFS($O$1:O10,$B$1:B10,$B11)) | H11: =IF($B11="","",SUMIFS($P$1:P10,$B$1:B10,$B11)) | I11: =IF($B11="","",IF(G11<=0,0,H11/G11)) | J11: =IF($B11="","",G11+O11) | K11: =IF($B11="","",IF(J11<=0,0,(H11+P11)/J11)) | L11: =IF(OR($B11="",UPPER($C11)<>"V"),"",D11*(E11-I11)) | M11: =IF(A11="","",YEAR(A11)*100+MONTH(A11)) | N11: =IF($B11="","",IF(AND(UPPER($C11)="V",D11>G11),"Venda maior que a posição",IF(AND(UPPER($C11)<>"C",UPPER($C11)<>"V"),"Use C ou V",""))) | O11: =IF($B11="","",IF(UPPER($C11)="C",D11,IF(UPPER($C11)="V",-D11,0))) | P11: =IF($B11="","",IF(UPPER($C11)="C",D11*E11,IF(UPPER($C11)="V",-D11*I11,0)))
F12: =IF(OR($B12="",D12="",E12=""),"",D12*E12) | G12: =IF($B12="","",SUMIFS($O$1:O11,$B$1:B11,$B12)) | H12: =IF($B12="","",SUMIFS($P$1:P11,$B$1:B11,$B12)) | I12: =IF($B12="","",IF(G12<=0,0,H12/G12)) | J12: =IF($B12="","",G12+O12) | K12: =IF($B12="","",IF(J12<=0,0,(H12+P12)/J12)) | L12: =IF(OR($B12="",UPPER($C12)<>"V"),"",D12*(E12-I12)) | M12: =IF(A12="","",YEAR(A12)*100+MONTH(A12)) | N12: =IF($B12="","",IF(AND(UPPER($C12)="V",D12>G12),"Venda maior que a posição",IF(AND(UPPER($C12)<>"C",UPPER($C12)<>"V"),"Use C ou V",""))) | O12: =IF($B12="","",IF(UPPER($C12)="C",D12,IF(UPPER($C12)="V",-D12,0))) | P12: =IF($B12="","",IF(UPPER($C12)="C",D12*E12,IF(UPPER($C12)="V",-D12*I12,0)))
F13: =IF(OR($B13="",D13="",E13=""),"",D13*E13) | G13: =IF($B13="","",SUMIFS($O$1:O12,$B$1:B12,$B13)) | H13: =IF($B13="","",SUMIFS($P$1:P12,$B$1:B12,$B13)) | I13: =IF($B13="","",IF(G13<=0,0,H13/G13)) | J13: =IF($B13="","",G13+O13) | K13: =IF($B13="","",IF(J13<=0,0,(H13+P13)/J13)) | L13: =IF(OR($B13="",UPPER($C13)<>"V"),"",D13*(E13-I13)) | M13: =IF(A13="","",YEAR(A13)*100+MONTH(A13)) | N13: =IF($B13="","",IF(AND(UPPER($C13)="V",D13>G13),"Venda maior que a posição",IF(AND(UPPER($C13)<>"C",UPPER($C13)<>"V"),"Use C ou V",""))) | O13: =IF($B13="","",IF(UPPER($C13)="C",D13,IF(UPPER($C13)="V",-D13,0))) | P13: =IF($B13="","",IF(UPPER($C13)="C",D13*E13,IF(UPPER($C13)="V",-D13*I13,0)))
F14: =IF(OR($B14="",D14="",E14=""),"",D14*E14) | G14: =IF($B14="","",SUMIFS($O$1:O13,$B$1:B13,$B14)) | H14: =IF($B14="","",SUMIFS($P$1:P13,$B$1:B13,$B14)) | I14: =IF($B14="","",IF(G14<=0,0,H14/G14)) | J14: =IF($B14="","",G14+O14) | K14: =IF($B14="","",IF(J14<=0,0,(H14+P14)/J14)) | L14: =IF(OR($B14="",UPPER($C14)<>"V"),"",D14*(E14-I14)) | M14: =IF(A14="","",YEAR(A14)*100+MONTH(A14)) | N14: =IF($B14="","",IF(AND(UPPER($C14)="V",D14>G14),"Venda maior que a posição",IF(AND(UPPER($C14)<>"C",UPPER($C14)<>"V"),"Use C ou V",""))) | O14: =IF($B14="","",IF(UPPER($C14)="C",D14,IF(UPPER($C14)="V",-D14,0))) | P14: =IF($B14="","",IF(UPPER($C14)="C",D14*E14,IF(UPPER($C14)="V",-D14*I14,0)))
F15: =IF(OR($B15="",D15="",E15=""),"",D15*E15) | G15: =IF($B15="","",SUMIFS($O$1:O14,$B$1:B14,$B15)) | H15: =IF($B15="","",SUMIFS($P$1:P14,$B$1:B14,$B15)) | I15: =IF($B15="","",IF(G15<=0,0,H15/G15)) | J15: =IF($B15="","",G15+O15) | K15: =IF($B15="","",IF(J15<=0,0,(H15+P15)/J15)) | L15: =IF(OR($B15="",UPPER($C15)<>"V"),"",D15*(E15-I15)) | M15: =IF(A15="","",YEAR(A15)*100+MONTH(A15)) | N15: =IF($B15="","",IF(AND(UPPER($C15)="V",D15>G15),"Venda maior que a posição",IF(AND(UPPER($C15)<>"C",UPPER($C15)<>"V"),"Use C ou V",""))) | O15: =IF($B15="","",IF(UPPER($C15)="C",D15,IF(UPPER($C15)="V",-D15,0))) | P15: =IF($B15="","",IF(UPPER($C15)="C",D15*E15,IF(UPPER($C15)="V",-D15*I15,0)))
F16: =IF(OR($B16="",D16="",E16=""),"",D16*E16) | G16: =IF($B16="","",SUMIFS($O$1:O15,$B$1:B15,$B16)) | H16: =IF($B16="","",SUMIFS($P$1:P15,$B$1:B15,$B16)) | I16: =IF($B16="","",IF(G16<=0,0,H16/G16)) | J16: =IF($B16="","",G16+O16) | K16: =IF($B16="","",IF(J16<=0,0,(H16+P16)/J16)) | L16: =IF(OR($B16="",UPPER($C16)<>"V"),"",D16*(E16-I16)) | M16: =IF(A16="","",YEAR(A16)*100+MONTH(A16)) | N16: =IF($B16="","",IF(AND(UPPER($C16)="V",D16>G16),"Venda maior que a posição",IF(AND(UPPER($C16)<>"C",UPPER($C16)<>"V"),"Use C ou V",""))) | O16: =IF($B16="","",IF(UPPER($C16)="C",D16,IF(UPPER($C16)="V",-D16,0))) | P16: =IF($B16="","",IF(UPPER($C16)="C",D16*E16,IF(UPPER($C16)="V",-D16*I16,0)))
F17: =IF(OR($B17="",D17="",E17=""),"",D17*E17) | G17: =IF($B17="","",SUMIFS($O$1:O16,$B$1:B16,$B17)) | H17: =IF($B17="","",SUMIFS($P$1:P16,$B$1:B16,$B17)) | I17: =IF($B17="","",IF(G17<=0,0,H17/G17)) | J17: =IF($B17="","",G17+O17) | K17: =IF($B17="","",IF(J17<=0,0,(H17+P17)/J17)) | L17: =IF(OR($B17="",UPPER($C17)<>"V"),"",D17*(E17-I17)) | M17: =IF(A17="","",YEAR(A17)*100+MONTH(A17)) | N17: =IF($B17="","",IF(AND(UPPER($C17)="V",D17>G17),"Venda maior que a posição",IF(AND(UPPER($C17)<>"C",UPPER($C17)<>"V"),"Use C ou V",""))) | O17: =IF($B17="","",IF(UPPER($C17)="C",D17,IF(UPPER($C17)="V",-D17,0))) | P17: =IF($B17="","",IF(UPPER($C17)="C",D17*E17,IF(UPPER($C17)="V",-D17*I17,0)))
... F1001: =IF(OR($B1001="",D1001="",E1001=""),"",D1001*E1001) | G1001: =IF($B1001="","",SUMIFS($O$1:O1000,$B$1:B1000,$B1001)) | H1001: =IF($B1001="","",SUMIFS($P$1:P1000,$B$1:B1000,$B1001)) | I1001: =IF($B1001="","",IF(G1001<=0,0,H1001/G1001)) | J1001: =IF($B1001="","",G1001+O1001) | K1001: =IF($B1001="","",IF(J1001<=0,0,(H1001+P1001)/J1001)) | L1001: =IF(OR($B1001="",UPPER($C1001)<>"V"),"",D1001*(E1001-I1001)) | M1001: =IF(A1001="","",YEAR(A1001)*100+MONTH(A1001)) | N1001: =IF($B1001="","",IF(AND(UPPER($C1001)="V",D1001>G1001),"Venda maior que a posição",IF(AND(UPPER($C1001)<>"C",UPPER($C1001)<>"V"),"Use C ou V",""))) | O1001: =IF($B1001="","",IF(UPPER($C1001)="C",D1001,IF(UPPER($C1001)="V",-D1001,0))) | P1001: =IF($B1001="","",IF(UPPER($C1001)="C",D1001*E1001,IF(UPPER($C1001)="V",-D1001*I1001,0)))

Sheet Posição
A1: Ativo (digite o código) | B1: Quantidade | C1: Custo da posição (R$) | D1: Preço médio (R$) | F1: Para Bens e Direitos, use quantidade e custo da posição em 31/12 — com todas as operações do ano lançadas.
A2: PETR4 | B2: =IF($A2="","",SUMIFS('Operações'!$O:$O,'Operações'!$B:$B,$A2)) | C2: =IF($A2="","",SUMIFS('Operações'!$P:$P,'Operações'!$B:$B,$A2)) | D2: =IF($A2="","",IF(B2<=0,0,C2/B2))
A3: VALE3 | B3: =IF($A3="","",SUMIFS('Operações'!$O:$O,'Operações'!$B:$B,$A3)) | C3: =IF($A3="","",SUMIFS('Operações'!$P:$P,'Operações'!$B:$B,$A3)) | D3: =IF($A3="","",IF(B3<=0,0,C3/B3))
B4: =IF($A4="","",SUMIFS('Operações'!$O:$O,'Operações'!$B:$B,$A4)) | C4: =IF($A4="","",SUMIFS('Operações'!$P:$P,'Operações'!$B:$B,$A4)) | D4: =IF($A4="","",IF(B4<=0,0,C4/B4))
B5: =IF($A5="","",SUMIFS('Operações'!$O:$O,'Operações'!$B:$B,$A5)) | C5: =IF($A5="","",SUMIFS('Operações'!$P:$P,'Operações'!$B:$B,$A5)) | D5: =IF($A5="","",IF(B5<=0,0,C5/B5))
B6: =IF($A6="","",SUMIFS('Operações'!$O:$O,'Operações'!$B:$B,$A6)) | C6: =IF($A6="","",SUMIFS('Operações'!$P:$P,'Operações'!$B:$B,$A6)) | D6: =IF($A6="","",IF(B6<=0,0,C6/B6))
B7: =IF($A7="","",SUMIFS('Operações'!$O:$O,'Operações'!$B:$B,$A7)) | C7: =IF($A7="","",SUMIFS('Operações'!$P:$P,'Operações'!$B:$B,$A7)) | D7: =IF($A7="","",IF(B7<=0,0,C7/B7))
B8: =IF($A8="","",SUMIFS('Operações'!$O:$O,'Operações'!$B:$B,$A8)) | C8: =IF($A8="","",SUMIFS('Operações'!$P:$P,'Operações'!$B:$B,$A8)) | D8: =IF($A8="","",IF(B8<=0,0,C8/B8))
B9: =IF($A9="","",SUMIFS('Operações'!$O:$O,'Operações'!$B:$B,$A9)) | C9: =IF($A9="","",SUMIFS('Operações'!$P:$P,'Operações'!$B:$B,$A9)) | D9: =IF($A9="","",IF(B9<=0,0,C9/B9))
B10: =IF($A10="","",SUMIFS('Operações'!$O:$O,'Operações'!$B:$B,$A10)) | C10: =IF($A10="","",SUMIFS('Operações'!$P:$P,'Operações'!$B:$B,$A10)) | D10: =IF($A10="","",IF(B10<=0,0,C10/B10))
B11: =IF($A11="","",SUMIFS('Operações'!$O:$O,'Operações'!$B:$B,$A11)) | C11: =IF($A11="","",SUMIFS('Operações'!$P:$P,'Operações'!$B:$B,$A11)) | D11: =IF($A11="","",IF(B11<=0,0,C11/B11))
B12: =IF($A12="","",SUMIFS('Operações'!$O:$O,'Operações'!$B:$B,$A12)) | C12: =IF($A12="","",SUMIFS('Operações'!$P:$P,'Operações'!$B:$B,$A12)) | D12: =IF($A12="","",IF(B12<=0,0,C12/B12))
B13: =IF($A13="","",SUMIFS('Operações'!$O:$O,'Operações'!$B:$B,$A13)) | C13: =IF($A13="","",SUMIFS('Operações'!$P:$P,'Operações'!$B:$B,$A13)) | D13: =IF($A13="","",IF(B13<=0,0,C13/B13))
B14: =IF($A14="","",SUMIFS('Operações'!$O:$O,'Operações'!$B:$B,$A14)) | C14: =IF($A14="","",SUMIFS('Operações'!$P:$P,'Operações'!$B:$B,$A14)) | D14: =IF($A14="","",IF(B14<=0,0,C14/B14))
B15: =IF($A15="","",SUMIFS('Operações'!$O:$O,'Operações'!$B:$B,$A15)) | C15: =IF($A15="","",SUMIFS('Operações'!$P:$P,'Operações'!$B:$B,$A15)) | D15: =IF($A15="","",IF(B15<=0,0,C15/B15))
... B201: =IF($A201="","",SUMIFS('Operações'!$O:$O,'Operações'!$B:$B,$A201)) | C201: =IF($A201="","",SUMIFS('Operações'!$P:$P,'Operações'!$B:$B,$A201)) | D201: =IF($A201="","",IF(B201<=0,0,C201/B201))

Sheet Resumo mensal
A1: Ano | B1: 2026
A3: Mês | B3: Chave (aaaamm) | C3: Total vendido em ações (R$) | D3: Resultado das vendas (R$) | E3: Vendas até R$ 20 mil no mês? | F3: Resultado de day trade no mês (R$) — informe
A4: jan | B4: =$B$1*100+1 | C4: =SUMIFS('Operações'!$F:$F,'Operações'!$M:$M,$B4,'Operações'!$C:$C,"V") | D4: =SUMIFS('Operações'!$L:$L,'Operações'!$M:$M,$B4) | E4: =IF(C4=0,"—",IF(C4<=20000,"Sim: lucro de ações em operações comuns isento","Não: lucro, se houver, é tributável (15%)"))
A5: fev | B5: =$B$1*100+2 | C5: =SUMIFS('Operações'!$F:$F,'Operações'!$M:$M,$B5,'Operações'!$C:$C,"V") | D5: =SUMIFS('Operações'!$L:$L,'Operações'!$M:$M,$B5) | E5: =IF(C5=0,"—",IF(C5<=20000,"Sim: lucro de ações em operações comuns isento","Não: lucro, se houver, é tributável (15%)"))
A6: mar | B6: =$B$1*100+3 | C6: =SUMIFS('Operações'!$F:$F,'Operações'!$M:$M,$B6,'Operações'!$C:$C,"V") | D6: =SUMIFS('Operações'!$L:$L,'Operações'!$M:$M,$B6) | E6: =IF(C6=0,"—",IF(C6<=20000,"Sim: lucro de ações em operações comuns isento","Não: lucro, se houver, é tributável (15%)"))
A7: abr | B7: =$B$1*100+4 | C7: =SUMIFS('Operações'!$F:$F,'Operações'!$M:$M,$B7,'Operações'!$C:$C,"V") | D7: =SUMIFS('Operações'!$L:$L,'Operações'!$M:$M,$B7) | E7: =IF(C7=0,"—",IF(C7<=20000,"Sim: lucro de ações em operações comuns isento","Não: lucro, se houver, é tributável (15%)"))
A8: mai | B8: =$B$1*100+5 | C8: =SUMIFS('Operações'!$F:$F,'Operações'!$M:$M,$B8,'Operações'!$C:$C,"V") | D8: =SUMIFS('Operações'!$L:$L,'Operações'!$M:$M,$B8) | E8: =IF(C8=0,"—",IF(C8<=20000,"Sim: lucro de ações em operações comuns isento","Não: lucro, se houver, é tributável (15%)"))
A9: jun | B9: =$B$1*100+6 | C9: =SUMIFS('Operações'!$F:$F,'Operações'!$M:$M,$B9,'Operações'!$C:$C,"V") | D9: =SUMIFS('Operações'!$L:$L,'Operações'!$M:$M,$B9) | E9: =IF(C9=0,"—",IF(C9<=20000,"Sim: lucro de ações em operações comuns isento","Não: lucro, se houver, é tributável (15%)"))
A10: jul | B10: =$B$1*100+7 | C10: =SUMIFS('Operações'!$F:$F,'Operações'!$M:$M,$B10,'Operações'!$C:$C,"V") | D10: =SUMIFS('Operações'!$L:$L,'Operações'!$M:$M,$B10) | E10: =IF(C10=0,"—",IF(C10<=20000,"Sim: lucro de ações em operações comuns isento","Não: lucro, se houver, é tributável (15%)"))
A11: ago | B11: =$B$1*100+8 | C11: =SUMIFS('Operações'!$F:$F,'Operações'!$M:$M,$B11,'Operações'!$C:$C,"V") | D11: =SUMIFS('Operações'!$L:$L,'Operações'!$M:$M,$B11) | E11: =IF(C11=0,"—",IF(C11<=20000,"Sim: lucro de ações em operações comuns isento","Não: lucro, se houver, é tributável (15%)"))
A12: set | B12: =$B$1*100+9 | C12: =SUMIFS('Operações'!$F:$F,'Operações'!$M:$M,$B12,'Operações'!$C:$C,"V") | D12: =SUMIFS('Operações'!$L:$L,'Operações'!$M:$M,$B12) | E12: =IF(C12=0,"—",IF(C12<=20000,"Sim: lucro de ações em operações comuns isento","Não: lucro, se houver, é tributável (15%)"))
A13: out | B13: =$B$1*100+10 | C13: =SUMIFS('Operações'!$F:$F,'Operações'!$M:$M,$B13,'Operações'!$C:$C,"V") | D13: =SUMIFS('Operações'!$L:$L,'Operações'!$M:$M,$B13) | E13: =IF(C13=0,"—",IF(C13<=20000,"Sim: lucro de ações em operações comuns isento","Não: lucro, se houver, é tributável (15%)"))
A14: nov | B14: =$B$1*100+11 | C14: =SUMIFS('Operações'!$F:$F,'Operações'!$M:$M,$B14,'Operações'!$C:$C,"V") | D14: =SUMIFS('Operações'!$L:$L,'Operações'!$M:$M,$B14) | E14: =IF(C14=0,"—",IF(C14<=20000,"Sim: lucro de ações em operações comuns isento","Não: lucro, se houver, é tributável (15%)"))
A15: dez | B15: =$B$1*100+12 | C15: =SUMIFS('Operações'!$F:$F,'Operações'!$M:$M,$B15,'Operações'!$C:$C,"V") | D15: =SUMIFS('Operações'!$L:$L,'Operações'!$M:$M,$B15) | E15: =IF(C15=0,"—",IF(C15<=20000,"Sim: lucro de ações em operações comuns isento","Não: lucro, se houver, é tributável (15%)"))
A17: Esta planilha não calcula o imposto: prejuízos a compensar, IR retido e DARF seguem regras próprias. Use o ReVar (Receita Federal) ou o aplicativo Bolsa Controle. Day trade não tem isenção de R$ 20 mil.
